 Dungeon Crawl Stone Soup version 0.26-a0-812-g31a745ddcd (webtiles) character file.

Game seed: 14839944074276162987

18 vishdafish the Sneak (level 2, 24/24 HPs)
             Began as a Demonspawn Delver on Nov 29, 2020.
             Quit the game on level 1 of the Dungeon.
             The game lasted 00:01:55 (403 turns).

vishdafish the Sneak (Demonspawn Delver)             Turns: 403, Time: 00:01:56

Health: 24/24      AC:  3    Str: 12    XL:     2   Next: 48%
Magic:  2/2        EV: 12    Int: 11    God:
Gold:   35         SH:  0    Dex: 14    Spells: 1/1 levels left

rFire    . . .     SeeInvis .   a - +0 falchion
rCold    . . .     Faith    .   (no shield)
rNeg     . . .     Spirit   .   b - +0 leather armour
rPois    .         Reflect  .   (helmet restricted)
rElec    .         Harm     .   (no cloak)
rCorr    .         Rampage  .   (no gloves)
MR       .....                  (no boots)
Stlth    +++.......             (no amulet)
HPRegen  0.08/turn              (no ring)
MPRegen  0.08/turn              (no ring)

@: no status effects
A: antennae 1
a: no special abilities


You were on level 1 of the Dungeon.
You visited 1 branch of the dungeon, and saw 5 of its levels.

You collected 35 gold pieces.

Inventory:

Hand Weapons
 a - a +0 falchion (weapon)
Armour
 b - a +0 leather armour (worn)
Wands
 g - a wand of digging (3)
Scrolls
 c - a scroll of fog
 d - a scroll of magic mapping
 e - 5 scrolls of identify {unknown}
 h - a scroll of remove curse {unknown}
Potions
 f - a potion of haste


   Skills:
 + Level 3.2 Fighting
 + Level 2.0 Long Blades
 - Level 0.1 Armour
 + Level 1.8 Dodging
 - Level 4.9 Stealth


You had one spell level left.
You didn't know any spells.
Your spell library was empty.

Dungeon Overview and Level Annotations

Branches:
Dungeon (5/15)
 Temple: D:4-7

Altars:

Shops:
D:4 !:


Innate Abilities, Weirdness & Mutations

You have a pair of small antennae on your head.


Message History

The bat barely misses you.
You closely miss the bat.
The bat is severely wounded.
The bat barely misses you.
You hit the bat.
You kill the bat!
No target in view!
No target in view!
No target in view!
No target in view!
No target in view!
No target in view!
No target in view!
No target in view!
HP restored.
A rat comes into view.
A rat is nearby!
A rat is nearby!
Okay, then.
Are you sure you want to abandon this character and quit the game? (Confirm with "yes".)

###..≈.≈♣.♣.#
#.###...≈≈.)..≈####
.......>.≈†≈≈...≈.#
#...#.###.#..)###.# #
#.# #.##..#.#.#
#.#.###.#####.#.#
#.#...........#.#
..##.#.#####.#####.#.#
.......@...........#.#
.....................#
r.##.#.#####.#########
..... .... .......
...... .....## #....#
..... ..##.# #..# ##
.#


You could see a rat (asleep).

Vanquished Creatures
  A worm (D:2)
  A giant cockroach (D:2)
  A goblin (D:2)
  3 hobgoblins
  A quokka (D:5)
  4 bats
  A kobold (D:1)
  2 rats (D:2)
14 creatures vanquished.

Vanquished Creatures (others)
  A howler monkey skeleton (D:5)
  An ufetubus (D:5)
2 creatures vanquished.

Grand Total: 16 creatures vanquished

Notes
Turn   | Place    | Note
-------+----------+-------------------------------------------
     0 | D:5      | vishdafish the Demonspawn Delver began the quest for the
                  | Orb.
     0 | D:5      | Reached XP level 1. HP: 18/18 MP: 1/1
     7 | D:5      | Noticed a worker ant
     8 | D:5      | Noticed a phantom
    25 | D:5      | Noticed a worker ant
    30 | D:4      | Found Seyll's Distillery.
    30 | D:4      | Noticed a worker ant
    41 | D:4      | Found Kukk's Book Shoppe.
    41 | D:4      | Noticed a worker ant
   205 | D:2      | Gained mutation: You have a pair of small antennae on your
                  | head. [demonic ancestry]
   205 | D:2      | Reached XP level 2. HP: 16/24 MP: 2/2
   403 | D:1      | Quit the game

Illustrated notes

Levels and vault maps discovered:
D:1:      lightli_arrival_statue_moat, layout_basic,
          chequers_serial_rivers_marsh
D:2:      minmay_diamond_boxcup, layout_loops_ring, chequers_jeans,
          lemuel_flame_loot_1, uniq_robin, uniq_sigmund
D:3:      minmay_recursive_quarters, layout_loops_ring,
          hangedman_decor_clover_reticule
D:4:      layout_loops_ring, gammafunk_temple_overflow_forgotten,
          minmay_temple_entry_waves, serial_shops, kennysheep_little_box,
          nicolae_shop_statue_plus, nicolae_shop_trees, nicolae_shop_crystal,
          nicolae_shop_statue_plus, roderic_serpentine_path, kennysheep_nub,
          serial_bayou_pond_d, minmay_misc_feat_plants, uniq_menkaure
D:5:      layout_loops_ring, lemuel_flamethrower_2

Skill      XL: |  1  2 |
---------------+-------+-----
Long Blades    | 2 |  2.0
Fighting       | |  3.2
Armour         | |  0.1
Dodging        | |  1.8
Stealth        | |  4.9

Action                   || total
-------------------------++-------
Melee: Falchion          ||    51
  Use: Scroll            ||     1
Armor: Leather armour    ||    26
Dodge: Dodged            ||    37
       Rpst.: Falchion   ||     7

Table legend: (Time is in decaauts)
 A = Elapsed time spent in this place.
 B = Non-inter-level travel time spent in this place.
 C = Inter-level travel time spent in this place.
 D = Time resting spent in this place.
 E = Time spent auto-exploring this place.
 F = Levels seen in this place.
 G = Mean time per level.
                   A        B        C        D        E       F      G
               +--------+--------+--------+--------+--------+-----+--------+
         Total |    415 |    415 |      0 |    216 |     61 |   5 |   83.0 |
       Dungeon |    415 |    415 |      0 |    216 |     61 |   5 |   83.0 |
               +--------+--------+--------+--------+--------+-----+--------+

Top non-repeatable levels by time:
     D:2: 310 daAuts
     D:1: 55 daAuts
     D:5: 30 daAuts
     D:4: 15 daAuts
     D:3: 2 daAuts
